SNL (28 & UNDER)
WEST VIRGINIA POWER @ WICHITA WRANGLERS
09/12/2028
 
TOP OF THE 1ST
West Virginia Power batting - Pitching for Wichita Wranglers : RHP Rien Middelkamp
Pitching: RHP Rien Middelkamp
Batting: RHB Luis Quezada 0-0: Ball
1-0: Bunt missed!
1-1: Ball
2-1: Fly out, F8 (Line Drive, 8RM)
Batting: LHB Wally Harris 0-0: Foul Ball, location: 2F
0-1: Ground out 4-3 (Groundball, 4)
Batting: RHB Kelly Graham 0-0: Swinging Strike
0-1: Ball
1-1: Ball
2-1: Ground out 4-3 (Groundball, 4)
Top of the 1st over - 0 run(s), 0 hit(s), 0 error(s), 0 left on base; West Virginia 0 - Wichita 0
BOTTOM OF THE 1ST
Wichita Wranglers batting - Pitching for West Virginia Power : RHP Bill Hendricks
Pitching: RHP Bill Hendricks
Batting: RHB Jesús Ramos 0-0: Ground out 5-3 (Groundball, 56)
Batting: RHB Gabriel Erwin 0-0: Ball
1-0: SINGLE (Line Drive, 34D)
Batting: RHB José López 0-0: Swinging Strike
0-1: Ball
1-1: SINGLE (Line Drive, 89S)
Gabriel Erwin to second
Batting: RHB Félix Gonzáles 0-0: Called Strike
0-1: Ball
1-1: Foul Ball, location: 2F
1-2: Strikes out swinging
Batting: RHB Jorge Barbosa 0-0: Ball
1-0: Foul Ball, location: 2F
1-1: Fielders Choice at 2nd, 5-4 (Groundball, 5)
Bottom of the 1st over - 0 run(s), 2 hit(s), 0 error(s), 1 left on base; West Virginia 0 - Wichita 0
TOP OF THE 2ND
West Virginia Power batting - Pitching for Wichita Wranglers : RHP Rien Middelkamp
Batting: RHB Juan Alberto 0-0: Ball
1-0: Ball
2-0: Fly out, F5 (Popup, 56S)
Batting: RHB Blair Whitehead 0-0: Called Strike
0-1: Foul Ball, location: 2F
0-2: Strikes out swinging, 2-3 out at first.
Batting: LHB Jorge Luna 0-0: Called Strike
0-1: Foul Ball, location: 2F
0-2: Foul Ball, location: 2F
0-2: Ball
1-2: Ground out 4-3 (Groundball, 4M)
Top of the 2nd over - 0 run(s), 0 hit(s), 0 error(s), 0 left on base; West Virginia 0 - Wichita 0
BOTTOM OF THE 2ND
Wichita Wranglers batting - Pitching for West Virginia Power : RHP Bill Hendricks
Batting: RHB Oliver Todd 0-0: Ball
1-0: SINGLE (Line Drive, 6)
Batting: RHB Hubert MacDonald 0-0: Fly out, F7 (Flyball, 7S)
Batting: RHB Rusty Bennett 0-0: Swinging Strike
0-1: Swinging Strike
0-2: Fly out, F8 (Flyball, 8RS)
Batting: LHB Dudley Cooper 0-0: Called Strike
0-1: Ball
1-1: Ball
2-1: Ground out 4-3 (Groundball, 4S)
Bottom of the 2nd over - 0 run(s), 1 hit(s), 0 error(s), 1 left on base; West Virginia 0 - Wichita 0
TOP OF THE 3RD
West Virginia Power batting - Pitching for Wichita Wranglers : RHP Rien Middelkamp
Batting: RHB Luis Ortega 0-0: Called Strike
0-1: Ball
1-1: Foul Ball, location: 2F
1-2: SINGLE (Line Drive, 89S)
Batting: RHB Millard Walker 0-0: Ball
1-0: Called Strike
1-1: Called Strike
1-2: Strikes out looking
Batting: RHB Matt Tucker 0-0: Called Strike
Luis Ortega steals 2nd base
0-1: Ground out 3-1 (Groundball, 34S)
Luis Ortega to third
Batting: RHB Luis Quezada 0-0: Swinging Strike
0-1: Foul Ball, location: 2F
0-2: Foul Ball, location: 2F
0-2: Ball
1-2: Strikes out looking
Top of the 3rd over - 0 run(s), 1 hit(s), 0 error(s), 1 left on base; West Virginia 0 - Wichita 0
BOTTOM OF THE 3RD
Wichita Wranglers batting - Pitching for West Virginia Power : RHP Bill Hendricks
Batting: RHB Jesús Ramos 0-0: Called Strike
0-1: Swinging Strike
0-2: Ball
1-2: Fly out, F8 (Flyball, 8RM)
Batting: RHB Gabriel Erwin 0-0: Ground out 5-3 (Groundball, 5)
Batting: RHB José López 0-0: Fly out, F7 (Flyball, 78S)
Bottom of the 3rd over - 0 run(s), 0 hit(s), 0 error(s), 0 left on base; West Virginia 0 - Wichita 0
TOP OF THE 4TH
West Virginia Power batting - Pitching for Wichita Wranglers : RHP Rien Middelkamp
Batting: LHB Wally Harris 0-0: Ball
1-0: Called Strike
1-1: Fly out, F7 (Flyball, 7S)
Batting: RHB Kelly Graham 0-0: Ball
1-0: Fly out, F9 (Flyball, 89D)
Batting: RHB Juan Alberto 0-0: Called Strike
0-1: Ball
1-1: Ball
2-1: Ball
3-1: Foul Ball, location: 2F
3-2: Fly out, F8 (Flyball, 8LD)
Top of the 4th over - 0 run(s), 0 hit(s), 0 error(s), 0 left on base; West Virginia 0 - Wichita 0
BOTTOM OF THE 4TH
Wichita Wranglers batting - Pitching for West Virginia Power : RHP Bill Hendricks
Batting: RHB Félix Gonzáles 0-0: Called Strike
0-1: Ball
1-1: Ball
2-1: Ball
3-1: Base on Balls
Batting: RHB Jorge Barbosa 0-0: Foul Ball, location: 2F
0-1: Ball
1-1: Grounds into double play, 4-6-3 (Groundball, 4)
Batting: RHB Oliver Todd 0-0: Ball
1-0: Ball
2-0: Ball
3-0: Base on Balls
Batting: RHB Hubert MacDonald 0-0: Swinging Strike
0-1: Ball
1-1: Fielders Choice at 2nd, 6-4 (Groundball, 6)
Bottom of the 4th over - 0 run(s), 0 hit(s), 0 error(s), 0 left on base; West Virginia 0 - Wichita 0
TOP OF THE 5TH
West Virginia Power batting - Pitching for Wichita Wranglers : RHP Rien Middelkamp
Batting: RHB Blair Whitehead 0-0: Foul Ball, location: 2F
0-1: Swinging Strike
0-2: Ball
1-2: Strikes out swinging
Batting: LHB Jorge Luna 0-0: Ball
1-0: Called Strike
1-1: Foul Ball, location: 2F
1-2: Strikes out swinging
Batting: RHB Luis Ortega 0-0: Called Strike
0-1: Fly out, F9 (Line Drive, 9S)
Top of the 5th over - 0 run(s), 0 hit(s), 0 error(s), 0 left on base; West Virginia 0 - Wichita 0
BOTTOM OF THE 5TH
Wichita Wranglers batting - Pitching for West Virginia Power : RHP Bill Hendricks
Batting: RHB Rusty Bennett 0-0: Called Strike
0-1: Ball
1-1: Ground out 6-3 (Groundball, 6S)
Batting: LHB Dudley Cooper 0-0: Ball
1-0: Ball
2-0: Ball
3-0: Base on Balls
Batting: RHB Jesús Ramos 0-0: SINGLE (Groundball, 6MD)
Dudley Cooper to second
Runner from 2nd tries for 3rd, SAFE, throw made to third
Batting: RHB Gabriel Erwin 0-0: Swinging Strike
0-1: Swinging Strike
0-2: Strikes out looking
Batting: RHB José López 0-0: Ground out 6-3 (Groundball, 6S)
Bottom of the 5th over - 0 run(s), 1 hit(s), 0 error(s), 2 left on base; West Virginia 0 - Wichita 0
TOP OF THE 6TH
West Virginia Power batting - Pitching for Wichita Wranglers : RHP Rien Middelkamp
Batting: RHB Millard Walker 0-0: Ball
1-0: Foul Ball, location: 2F
1-1: Swinging Strike
1-2: Foul Ball, location: 2F
1-2: Strikes out swinging
Batting: RHB Matt Tucker 0-0: Called Strike
0-1: Ball
1-1: Foul Ball, location: 2F
1-2: Ground out 2-3 (Groundball, 2L)
Batting: RHB Luis Quezada 0-0: Ball
1-0: Called Strike
1-1: Fly out, F9 (Line Drive, 89D)
Top of the 6th over - 0 run(s), 0 hit(s), 0 error(s), 0 left on base; West Virginia 0 - Wichita 0
BOTTOM OF THE 6TH
Wichita Wranglers batting - Pitching for West Virginia Power : RHP Bill Hendricks
Batting: RHB Félix Gonzáles 0-0: Ball
1-0: Ball
2-0: Called Strike
2-1: SINGLE (Line Drive, 9LS)
Batting: RHB Jorge Barbosa 0-0: Ball
1-0: Called Strike
1-1: Ball
2-1: Called Strike
2-2: Fly out, F9 (Flyball, 89M)
Batting: RHB Oliver Todd 0-0: Ball
1-0: Ball
2-0: Ball
3-0: Foul Ball, location: 2F
3-1: Foul Ball, location: 2F
3-2: Foul Ball, location: 2F
3-2: Foul Ball, location: 2F
3-2: Strikes out swinging
Batting: RHB Hubert MacDonald 0-0: Fly out, F8 (Flyball, 8LS)
Bottom of the 6th over - 0 run(s), 1 hit(s), 0 error(s), 1 left on base; West Virginia 0 - Wichita 0
TOP OF THE 7TH
West Virginia Power batting - Pitching for Wichita Wranglers : RHP Rien Middelkamp
Batting: LHB Wally Harris 0-0: Swinging Strike
0-1: Ball
1-1: Ball
2-1: Ground out U3 (Groundball, 34)
Batting: RHB Kelly Graham 0-0: Foul Ball, location: 2F
0-1: Foul Ball, location: 2F
0-2: Ball
1-2: Strikes out swinging
Batting: RHB Juan Alberto 0-0: Ball
1-0: Ball
2-0: Called Strike
2-1: Ball
3-1: Foul Ball, location: 2F
3-2: Base on Balls
Pinch Runner at 1st Nick Mackin:
Batting: RHB Blair Whitehead 0-0: Fielders Choice at 2nd, 4-6 (Groundball, 4)
Top of the 7th over - 0 run(s), 0 hit(s), 0 error(s), 0 left on base; West Virginia 0 - Wichita 0
BOTTOM OF THE 7TH
Wichita Wranglers batting - Pitching for West Virginia Power : RHP Bill Hendricks
Now at 3B: Will Stafford
Pinch Hitting: LHB Richard Hinkle 0-0: Ground out 3-1 (Groundball, 34)
Batting: LHB Dudley Cooper 0-0: Foul Ball, location: 2F
0-1: Ball
1-1: Ball
2-1: Ground out 4-3 (Groundball, 34)
Batting: RHB Jesús Ramos 0-0: Ball
1-0: Called Strike
1-1: Fly out, F6 (Line Drive, 6)
Bottom of the 7th over - 0 run(s), 0 hit(s), 0 error(s), 0 left on base; West Virginia 0 - Wichita 0
TOP OF THE 8TH
West Virginia Power batting - Pitching for Wichita Wranglers : RHP Rien Middelkamp
Now at SS: Travis Ezell
Batting: LHB Jorge Luna 0-0: Ball
1-0: Called Strike
1-1: Foul Ball, location: 2F
1-2: SINGLE (Line Drive, 5L)
Pinch Runner at 1st Alonzo Herrera:
Batting: RHB Luis Ortega 0-0: Called Strike
0-1: Ball
1-1: Sac Bunt - play at first, batter OUT! 1-4
Alonzo Herrera to second
Pinch Hitting: RHB Luis Montoya 0-0: Intentional Walk
Pitching: LHP Fred Villa
Pinch Hitting: RHB Scott Lee 0-0: Grounds into double play, 6-4-3 (Groundball, 6)
Top of the 8th over - 0 run(s), 1 hit(s), 0 error(s), 1 left on base; West Virginia 0 - Wichita 0
BOTTOM OF THE 8TH
Wichita Wranglers batting - Pitching for West Virginia Power : RHP Bill Hendricks
Now at 1B: Scott Lee
Now in LF: Luis Montoya
Now in CF: Alonzo Herrera
Batting: RHB Gabriel Erwin 0-0: Swinging Strike
0-1: Fly out, F7 (Line Drive, 78M)
Pinch Hitting: LHB Milo Powers 0-0: Ball
1-0: Swinging Strike
1-1: Ball
2-1: Ball
3-1: Base on Balls
Pinch Runner at 1st Juan Glaviz:
Batting: RHB Félix Gonzáles 0-0: Ball
1-0: Foul Ball, location: 2F
1-1: Foul Ball, location: 2F
1-2: SINGLE (Line Drive, 4MD)
Juan Glaviz to second
Batting: RHB Jorge Barbosa 0-0: Ball
Juan Glaviz steals 3rd base
Félix Gonzáles to second
1-0: Ball
2-0: Ball
3-0: Called Strike
3-1: Single, Error in OF, E7, batter to second base
Juan Glaviz scores
Félix Gonzáles scores
Batting: RHB Oliver Todd 0-0: Intentional Walk
Pitching: RHP António Córdova
Batting: RHB Hubert MacDonald 0-0: Ball
1-0: Ball
2-0: Foul Ball, location: 2F
2-1: Ball
3-1: Base on Balls
Jorge Barbosa to third
Oliver Todd to second
Batting: RHB Travis Ezell 0-0: Grounds into fielders choice 6-2 (Groundball, 6)
Oliver Todd to third
Hubert MacDonald to second
Batting: LHB Dudley Cooper 0-0: Ball
1-0: Called Strike
1-1: Swinging Strike
1-2: Foul Ball, location: 2F
1-2: Strikes out swinging
Bottom of the 8th over - 2 run(s), 2 hit(s), 1 error(s), 3 left on base; West Virginia 0 - Wichita 2
TOP OF THE 9TH
West Virginia Power batting - Pitching for Wichita Wranglers : LHP Fred Villa
Pitching: RHP Todd Brewster
Now at 2B: Lewis Woods
Batting: RHB Luis Quezada 0-0: Ground out 6-3 (Groundball, 6)
Batting: LHB Wally Harris 0-0: Ball
1-0: Swinging Strike
1-1: Ground out 4-3 (Groundball, 4D)
Batting: RHB Kelly Graham 0-0: Ball
1-0: SOLO HOME RUN (Line Drive, 7D), Distance : 374 ft
Pinch Hitting: LHB Robin Jamieson 0-0: Ball
1-0: Called Strike
1-1: Foul Ball, location: 2F
1-2: Ball
2-2: Ball
3-2: Foul Ball, location: 2F
3-2: Foul Ball, location: 2F
3-2: Ground out 4-3 (Groundball, 4)
Top of the 9th over - 1 run(s), 1 hit(s), 0 error(s), 0 left on base; West Virginia 1 - Wichita 2
Tuesday, August 8th, 2017 - OOTP Baseball 17.12 Build 75